[Event "Titled Tuesday Blitz August 1 Late 2023"]
[White "Jahnz, Fabian"]
[Black "Celestino, Rafael Teixeira"]
[WhiteFideId "4653300"]
[BlackFideId "2108925"]
[WhiteElo "2327"]
[BlackElo "2225"]
[Result "0-1"]
[Round "9"]
[TimeControl "180+1"]
[Date "2023.08.01"]
[WhiteClock "0:00:07"]
[BlackClock "0:00:55"]
[Board "112"]

1. e4 e5 2. d4 exd4 3. Qxd4 Nc6 4. Qe3 Nf6 5. Nc3 Bb4 6. Bd2 d6 7. O-O-O Be6 8. a3 Ba5 9. f3 Qd7 10. Kb1 O-O-O 11. g4 h6 12. h4 a6 13. Nge2 Ne5 14. Nd4 Bb6 15. Qf2 d5 16. Be3 dxe4 17. Nxe6 Qxe6 18. Rxd8+ Rxd8 19. Bxb6 cxb6 20. g5 hxg5 21. hxg5 Nfd7 22. Bh3 Qc6 23. Nxe4 Kb8 24. Rd1 Nc4 25. Qg3+ Ka7 26. Nd6 Nc5 27. Nb5+ Qxb5 0-1


[Site "https://www.chess.com"]

[Event "Titled Tuesday Blitz August 1 Late 2023"]
[White "Vaglio Munoz, Jaime"]
[Black "Joubert, Dantelle"]
[WhiteFideId "6500145"]
[BlackFideId "14310813"]
[WhiteElo "2263"]
[BlackElo "2059"]
[Result "1-0"]
[Round "9"]
[TimeControl "180+1"]
[Date "2023.08.01"]
[WhiteClock "0:00:47"]
[BlackClock "0:00:00"]
[Board "113"]

1. Nf3 d5 2. c4 e6 3. b3 Nf6 4. Bb2 Be7 5. g3 O-O 6. Bg2 c5 7. cxd5 Nxd5 8. O-O Bf6 9. Qc1 b6 10. Nc3 Bb7 11. Rd1 Nc6 12. Nxd5 exd5 13. d4 Rc8 14. dxc5 Bxb2 15. Qxb2 bxc5 16. Rac1 Qd6 17. Qa3 Nb4 18. Qxa7 Ba8 19. a3 Na6 20. b4 cxb4 21. axb4 Nxb4 22. Nd4 Rc4 23. e3 Rfc8 24. Rb1 Qa6 25. Qe7 Nc6 26. Qg5 Nxd4 27. exd4 h6 28. Qf5 Qe6 29. Qf4 Qg6 30. Ra1 Qg5 31. Qd6 Rc2 32. Ra7 Qf5 33. Rf1 Rd2 34. Qa3 Bc6 35. Qe3 Rc2 36. h3 Re8 37. Qb3 Ree2 38. Bf3 Red2 39. Kg2 1-0


[Site "https://www.chess.com"]

[Event "Titled Tuesday Blitz August 1 Late 2023"]
[White "Papp, Petra"]
[Black "Gyulamiryan-koryun"]
[WhiteFideId "739049"]
[WhiteElo "2413"]
[BlackElo "2101"]
[Result "1-0"]
[Round "9"]
[TimeControl "180+1"]
[Date "2023.08.01"]
[WhiteClock "0:01:11"]
[BlackClock "0:00:00"]
[Board "114"]

1. e4 e5 2. Nf3 Nc6 3. Bc4 Nf6 4. d3 Be7 5. O-O O-O 6. Nc3 d6 7. a4 Bg4 8. h3 Bh5 9. Be3 a6 10. Kh1 Nb4 11. g4 Bg6 12. Bb3 c6 13. Bd2 Qc7 14. Nh4 Nxe4 15. Nxg6 Nxd2 16. Nxe7+ Qxe7 17. Qxd2 d5 18. f4 Qh4 19. Kg2 h5 20. Qf2 Qe7 21. Rae1 hxg4 22. hxg4 f6 23. Qh4 Rf7 24. Rh1 Rff8 25. fxe5 1-0


[Site "https://www.chess.com"]

[Event "Titled Tuesday Blitz August 1 Late 2023"]
[White "Broca Jimenez, Fernando"]
[Black "Vargas, Mauricio"]
[WhiteFideId "5104742"]
[BlackFideId "4404572"]
[WhiteElo "2214"]
[BlackElo "1886"]
[Result "1-0"]
[Round "9"]
[TimeControl "180+1"]
[Date "2023.08.01"]
[WhiteClock "0:00:35"]
[BlackClock "0:00:00"]
[Board "115"]

1. e4 d5 2. exd5 Qxd5 3. c4 Qa5 4. Nc3 c6 5. d4 Nf6 6. Nf3 Bg4 7. Be2 e6 8. O-O Bd6 9. a3 Nbd7 10. b4 Qd8 11. Bg5 Rc8 12. Re1 Bb8 13. d5 cxd5 14. h3 Bxf3 15. Bxf3 Qc7 16. g3 O-O 17. Nb5 Qxc4 18. Be2 Qc2 19. Qxc2 Rxc2 20. Bd3 Rcc8 21. Be3 a6 22. Nd4 e5 23. Nf5 d4 24. Ne7+ Kh8 25. Nxc8 dxe3 26. Ne7 exf2+ 27. Kxf2 Re8 28. Nf5 g6 29. Ne3 Ba7 30. Kg2 Bd4 31. Rad1 Rc8 32. Nc4 b5 33. Nd6 Rc3 34. Ne4 Nxe4 35. Bxe4 Rxa3 36. Bc6 Ra2+ 37. Kh1 Nf6 38. g4 h5 39. g5 1-0


[Site "https://www.chess.com"]

[Event "Titled Tuesday Blitz August 1 Late 2023"]
[White "Bortnyk, Olexandr"]
[Black "Carlsen, Magnus"]
[WhiteFideId "14120828"]
[BlackFideId "1503014"]
[WhiteElo "3072"]
[BlackElo "3255"]
[Result "1/2-1/2"]
[Round "10"]
[TimeControl "180+1"]
[Date "2023.08.01"]
[WhiteClock "0:00:32"]
[BlackClock "0:00:38"]
[Board "1"]

1. e4 c5 2. c3 d5 3. exd5 Nf6 4. Qa4+ Nbd7 5. Qb3 Nb6 6. Bb5+ Bd7 7. c4 e6 8. dxe6 fxe6 9. Nf3 Bd6 10. O-O O-O 11. Re1 Bxb5 12. cxb5 c4 13. Qe3 Nfd5 14. Qxe6+ Kh8 15. d4 cxd3 16. Bg5 Qd7 17. Qxd7 Nxd7 18. Nbd2 h6 19. Re6 Bb4 20. Be3 Rae8 21. Rxe8 Rxe8 22. a3 Nxe3 23. axb4 Nc2 24. Rxa7 Ne5 25. Rxb7 Nxf3+ 26. gxf3 Re2 27. Nf1 Nxb4 28. Rd7 Rxb2 29. b6 Kh7 30. b7 Nc6 31. Rxd3 Rxb7 32. Rd5 Ne7 33. Rd4 Ng6 34. Kg2 Rf7 35. Kg3 Ne7 36. Ne3 Nf5+ 37. Nxf5 Rxf5 38. h4 Ra5 39. Re4 Kg6 40. Rg4+ Kf6 41. Rf4+ Kg6 42. Rg4+ Kf6 43. Rb4 Kg6 44. Kg4 Ra1 45. Rb6+ Kh7 46. f4 Rg1+ 47. Kf3 Rh1 48. Kg3 Rg1+ 49. Kf3 Rh1 50. Kg3 Rg1+ 51. Kf3 1/2-1/2


[Site "https://www.chess.com"]

[Event "Titled Tuesday Blitz August 1 Late 2023"]
[White "Grischuk, Alexander"]
[Black "Firouzja, Alireza"]
[WhiteFideId "4126025"]
[BlackFideId "12573981"]
[WhiteElo "3010"]
[BlackElo "3099"]
[Result "1-0"]
[Round "10"]
[TimeControl "180+1"]
[Date "2023.08.01"]
[WhiteClock "0:00:09"]
[BlackClock "0:00:00"]
[Board "2"]

1. d4 Nf6 2. Nf3 g6 3. e3 Bg7 4. Be2 O-O 5. O-O d6 6. b3 Nbd7 7. Bb2 Re8 8. c4 c6 9. Nc3 e5 10. dxe5 dxe5 11. Nd2 e4 12. Qc2 Qe7 13. Rfd1 h5 14. h3 Nf8 15. a3 N8h7 16. b4 Ng5 17. Bf1 Bf5 18. c5 Qe6 19. Ne2 Nd5 20. Bxg7 Kxg7 21. Qb2+ Qf6 22. Qxf6+ Nxf6 23. Nc4 Be6 24. Nd6 Re7 25. Nf4 h4 26. Rac1 Bb3 27. Rd2 a5 28. b5 cxb5 29. Bxb5 a4 30. Ne2 Rc7 31. Nd4 Bd5 32. Rb2 Rd8 33. Rbb1 b6 34. Bxa4 bxc5 35. N6b5 Rcc8 36. Nb3 Ne6 37. Nc3 Bc4 38. Na5 Bd3 39. Rb7 Rd6 40. Bb5 Ra8 41. Nc4 Bxc4 42. Bxc4 Ng8 43. Nxe4 1-0


[Site "https://www.chess.com"]

[Event "Titled Tuesday Blitz August 1 Late 2023"]
[White "Demidov, Mikhail"]
[Black "Zhigalko, Sergei"]
[WhiteFideId "4197143"]
[BlackFideId "13502956"]
[WhiteElo "2946"]
[BlackElo "2930"]
[Result "1/2-1/2"]
[Round "10"]
[TimeControl "180+1"]
[Date "2023.08.01"]
[WhiteClock "0:00:04"]
[BlackClock "0:00:06"]
[Board "3"]

1. Nf3 d5 2. d4 e6 3. c4 c6 4. e3 Bd6 5. Bd3 f5 6. b3 Nf6 7. O-O Qe7 8. Bb2 O-O 9. Nc3 Ne4 10. Ne2 Nd7 11. Ne5 Nxe5 12. dxe5 Bc5 13. Rc1 Bd7 14. Bd4 Ba3 15. Rc2 a5 16. f3 Nc5 17. cxd5 cxd5 18. Bb2 Bxb2 19. Rxb2 Rfc8 20. Nd4 Nxd3 21. Qxd3 Qa3 22. Qd2 Rc7 23. Rc1 Rxc1+ 24. Qxc1 Rc8 25. Qd2 b6 26. h3 h6 27. f4 Kh7 28. Kh2 Rc7 29. Rc2 Rc5 30. Qd3 Qb4 31. g4 g6 32. gxf5 gxf5 33. Rg2 Rc8 34. Qe2 Rg8 35. Rxg8 Kxg8 36. Qc2 Qe1 37. Qe2 Qc1 38. Kg2 b5 39. Kf2 a4 40. bxa4 bxa4 41. Qc2 Qh1 42. Qc7 Qh2+ 43. Ke1 Qxh3 44. Qd8+ Be8 45. Qxe8+ Kh7 46. Qf7+ Kh8 47. Qf6+ Kh7 48. Qe7+ Kh8 49. Kd2 Qg2+ 50. Ne2 Qg8 51. Qf6+ Kh7 52. Qe7+ Kh8 53. Nd4 Qg2+ 54. Kc3 Qxa2 55. Qf8+ Kh7 56. Qf7+ Kh8 57. Qf6+ Kh7 58. Nxe6 Qb3+ 59. Kd2 Qb2+ 60. Kd3 Qb3+ 61. Ke2 Qc2+ 62. Kf3 Qd1+ 63. Kf2 Qd2+ 64. Kf3 Qd1+ 65. Kg3 Qg1+ 66. Kf3 Qf1+ 67. Kg3 Qg1+ 68. Kf3 Qf1+ 69. Kg3 Qg1+ 1/2-1/2


[Site "https://www.chess.com"]

[Event "Titled Tuesday Blitz August 1 Late 2023"]
[White "Zierk, Steven"]
[Black "Elsa167"]
[WhiteFideId "2034255"]
[WhiteElo "2891"]
[BlackElo "2796"]
[Result "1-0"]
[Round "10"]
[TimeControl "180+1"]
[Date "2023.08.01"]
[WhiteClock "0:00:50"]
[BlackClock "0:00:00"]
[Board "4"]

1. e4 e6 2. d4 d5 3. Nd2 c5 4. Ngf3 cxd4 5. Nxd4 Nf6 6. exd5 Nxd5 7. N2f3 Bb4+ 8. Bd2 O-O 9. c4 Bxd2+ 10. Qxd2 Nf6 11. O-O-O Qb6 12. Bd3 Nc6 13. Nxc6 bxc6 14. Ne5 Rb8 15. Kb1 c5 16. g4 Bb7 17. g5 Ne4 18. Qc2 Nxg5 19. Rhg1 Nf3 20. Nxf3 Bxf3 21. Bxh7+ Kh8 22. Rd3 Bh5 23. Rh3 g6 24. Qc3+ e5 25. Bxg6 fxg6 26. Qxe5+ Rf6 27. Rxg6 Qxb2+ 28. Qxb2 Rxb2+ 29. Kxb2 Rxg6 30. Rxh5+ Rh6 31. Rxh6+ 1-0


[Site "https://www.chess.com"]

[Event "Titled Tuesday Blitz August 1 Late 2023"]
[White "Pichot, Alan"]
[Black "Andreikin, Dmitry"]
[WhiteFideId "110973"]
[BlackFideId "4158814"]
[WhiteElo "2854"]
[BlackElo "3053"]
[Result "1-0"]
[Round "10"]
[TimeControl "180+1"]
[Date "2023.08.01"]
[WhiteClock "0:00:04"]
[BlackClock "0:00:03"]
[Board "5"]

1. e4 c5 2. Nf3 g6 3. d4 cxd4 4. Nxd4 Nf6 5. Nc3 d6 6. Be3 Nc6 7. f3 h5 8. Qd2 Nxd4 9. Bxd4 Bh6 10. Be3 Bxe3 11. Qxe3 Be6 12. O-O-O Qa5 13. Kb1 Rc8 14. a3 O-O 15. Nb5 Bc4 16. Nd4 Qe5 17. h4 d5 18. Qg5 Qxg5 19. hxg5 Nh7 20. exd5 Bxd5 21. Nb5 Rcd8 22. Nxa7 Nxg5 23. Re1 Ne6 24. Rh4 Kg7 25. Rb4 Kf6 26. Bd3 Nc5 27. Bf1 g5 28. Rb6+ Ne6 29. c4 Bc6 30. Nxc6 bxc6 31. Rxc6 Rd2 32. c5 Kf5 33. b4 Nd4 34. Ra6 e6 35. c6 Rc8 36. b5 Kf4 37. Rc1 Nb3 38. Rc4+ Kg3 39. b6 Rf2 40. b7 Nd2+ 41. Kc1 Nb3+ 42. Kd1 Rd8+ 43. Ke1 Rb2 44. Rc1 Nxc1 45. c7 Rd4 46. b8=Q Nb3 47. c8=Q+ Kh4 48. Qh2# 1-0


[Site "https://www.chess.com"]

[Event "Titled Tuesday Blitz August 1 Late 2023"]
[White "Rasulov, Vugar"]
[Black "Martinez Alcantara, Jose Eduardo"]
[WhiteFideId "13402390"]
[BlackFideId "3805662"]
[WhiteElo "2837"]
[BlackElo "2979"]
[Result "0-1"]
[Round "10"]
[TimeControl "180+1"]
[Date "2023.08.01"]
[WhiteClock "0:00:00"]
[BlackClock "0:00:31"]
[Board "6"]

1. d4 Nf6 2. c4 e6 3. Nc3 Bb4 4. e3 O-O 5. Ne2 d5 6. a3 Be7 7. Nf4 a6 8. cxd5 exd5 9. Bd3 g6 10. h4 c5 11. h5 cxd4 12. exd4 g5 13. Nfe2 h6 14. f4 g4 15. f5 Kg7 16. Bf4 Nc6 17. Qd2 Rh8 18. O-O-O b5 19. Be5 b4 20. axb4 Nxb4 21. Bb1 Bb7 22. Nf4 Rc8 23. Qe2 Kf8 24. Rhe1 Rg8 25. Ng6+ fxg6 26. fxg6 Rc6 27. Rf1 Kg7 28. Qxg4 Qc8 29. Qxc8 Bxc8 30. Rf4 Rf8 31. Bf5 Kg8 32. Bxc8 Rcxc8 33. Kd2 Nxh5 34. Rxf8+ Rxf8 35. Rh1 Ng7 36. Ke2 Bg5 37. Bd6 Re8+ 38. Kf3 Nc6 39. Bc5 Nf5 40. Nxd5 Ncxd4+ 41. Bxd4 Nxd4+ 42. Kg4 Re4+ 43. Kh3 Rh4+ 44. Kg3 Rxh1 45. Ne7+ Bxe7 46. g7 Rb1 47. Kf2 Rxb2+ 48. Ke3 Ne6 49. Kd3 Nxg7 50. Ke4 Rb5 51. g4 Rg5 52. Kd3 Rxg4 53. Kc3 h5 54. Kc2 Kf7 55. Kb1 Kg6 56. Kc1 Kg5 57. Kd1 h4 58. Ke2 h3 59. Kf1 h2 60. Kf2 h1=Q 61. Ke2 Qh3 62. Kf2 Rg2+ 0-1


[Site "https://www.chess.com"]

[Event "Titled Tuesday Blitz August 1 Late 2023"]
[White "Matlakov, Maxim"]
[Black "Ashraf, Artin"]
[WhiteFideId "4168003"]
[BlackFideId "22514805"]
[WhiteElo "2977"]
[BlackElo "2826"]
[Result "1-0"]
[Round "10"]
[TimeControl "180+1"]
[Date "2023.08.01"]
[WhiteClock "0:00:09"]
[BlackClock "0:00:00"]
[Board "7"]

1. e4 c5 2. Nf3 d6 3. d4 cxd4 4. Nxd4 Nf6 5. Bd3 g6 6. O-O Bg7 7. c4 O-O 8. Nc3 Nc6 9. Nde2 Bd7 10. h3 Rc8 11. b3 a6 12. Be3 Qa5 13. Rc1 Ne5 14. Bb1 b5 15. Nd5 Nxd5 16. cxd5 Rxc1 17. Bxc1 Bc8 18. Bd2 Qa3 19. Bc1 Qa5 20. Nd4 Bb7 21. Bg5 Bf6 22. Bxf6 exf6 23. f4 Nd7 24. Kh2 Rc8 25. h4 Qc3 26. h5 Nf8 27. h6 Rc7 28. Ne2 Qb2 29. Rf3 Bc8 30. Qd4 Qxd4 31. Nxd4 Rc1 32. Bd3 Nd7 33. b4 Nb6 34. Nc6 Bd7 35. Na5 Kf8 36. Rf2 Rc3 37. Rd2 g5 38. g3 Kg8 39. Kg2 gxf4 40. gxf4 f5 41. Kf2 fxe4 42. Bxe4 f5 43. Bf3 Nc4 44. Re2 Kf8 45. Nc6 Bxc6 46. dxc6 Nb6 47. Re6 d5 48. c7 Na4 49. Rf6+ Ke7 50. Rxf5 Rxc7 51. Bxd5 Nc3 52. Rf7+ Kd6 53. Rxc7 Kxc7 54. Bg8 Ne4+ 55. Ke3 Nf6 56. Be6 Kd6 57. Bf5 Nd5+ 58. Kd4 Nf6 59. a3 Kc6 60. Be6 Kd6 61. Bf5 Ng8 62. Bxh7 Nxh6 63. Be4 Nf7 64. Bb7 Nd8 65. Bxa6 Ne6+ 66. Ke4 Kc6 67. Bc8 Nc7 68. Ke5 Na8 69. f5 Nb6 70. Be6 Na4 71. f6 Nc3 72. f7 1-0


[Site "https://www.chess.com"]

[Event "Titled Tuesday Blitz August 1 Late 2023"]
[White "Aravindh, Chithambaram VR."]
[Black "Bauman_Guy"]
[WhiteFideId "5072786"]
[WhiteElo "2894"]
[BlackElo "2823"]
[Result "1-0"]
[Round "10"]
[TimeControl "180+1"]
[Date "2023.08.01"]
[WhiteClock "0:01:19"]
[BlackClock "0:01:26"]
[Board "8"]

1. Nf3 d5 2. d4 Nf6 3. e3 c5 4. Be2 Nc6 5. O-O Bf5 6. dxc5 e6 7. Nd4 Bg6 8. Bb5 Rc8 9. b4 Be7 10. Bb2 O-O 11. a3 a5 12. Bxc6 bxc6 13. Nd2 e5 14. N4f3 axb4 15. axb4 d4 16. exd4 e4 17. Ne5 Qc7 18. Ra6 Qb7 19. Rb6 Qc7 20. Rxc6 Qd8 21. b5 Bf5 22. Rxc8 Qxc8 23. Ndc4 Rd8 24. Nc6 Re8 25. Nxe7+ Rxe7 26. Nd6 Qe6 27. d5 Nxd5 28. Nxf5 Qxf5 29. c4 e3 30. fxe3 1-0


[Site "https://www.chess.com"]

[Event "Titled Tuesday Blitz August 1 Late 2023"]
[White "Harshavardhan G B"]
[Black "Krzyzanowski, Marcin"]
[WhiteFideId "25059009"]
[BlackFideId "1132199"]
[WhiteElo "2887"]
[BlackElo "2790"]
[Result "0-1"]
[Round "10"]
[TimeControl "180+1"]
[Date "2023.08.01"]
[WhiteClock "0:00:00"]
[BlackClock "0:00:34"]
[Board "9"]

1. d4 Nf6 2. c4 e6 3. Nc3 Bb4 4. f3 c5 5. d5 d6 6. e4 O-O 7. Bd3 b5 8. Ne2 bxc4 9. Bxc4 e5 10. O-O Nbd7 11. Ng3 Nb6 12. Bd3 a5 13. f4 exf4 14. Bxf4 Ng4 15. Nb5 c4 16. Be2 Bc5+ 17. Kh1 Nxh2 18. Nf5 Nxf1 19. Qxf1 Bxf5 20. exf5 Qh4+ 21. Bh2 Nxd5 22. Bf3 Ne3 23. Qe1 Qxe1+ 24. Rxe1 Rad8 25. f6 d5 26. Bc7 Rd7 27. Bf4 d4 28. Bc6 Rdd8 29. Bg5 Rc8 30. Bd7 Rb8 31. a4 Rb6 32. g4 gxf6 33. Bh6 Rd8 0-1


[Site "https://www.chess.com"]

[Event "Titled Tuesday Blitz August 1 Late 2023"]
[White "Maksimovic, Bojan"]
[Black "Volkov, Maksim"]
[WhiteFideId "14408120"]
[BlackFideId "54123070"]
[WhiteElo "2860"]
[BlackElo "2723"]
[Result "1-0"]
[Round "10"]
[TimeControl "180+1"]
[Date "2023.08.01"]
[WhiteClock "0:00:10"]
[BlackClock "0:00:09"]
[Board "10"]

1. Nf3 d5 2. g3 Bg4 3. Bg2 c6 4. O-O e6 5. d3 Nf6 6. Nbd2 Nbd7 7. c3 Bd6 8. Qc2 O-O 9. Re1 e5 10. e4 Re8 11. b3 a5 12. a3 Qc7 13. Bb2 b5 14. b4 axb4 15. cxb4 c5 16. h3 Bxf3 17. Bxf3 cxb4 18. Qxc7 Bxc7 19. exd5 Bd6 20. axb4 Bxb4 21. Red1 Rxa1 22. Bxa1 Rc8 23. Nf1 Bc3 24. Ne3 Nb6 25. Bxc3 Rxc3 26. g4 h6 27. h4 b4 28. g5 hxg5 29. hxg5 Ne8 30. Rb1 b3 31. Bd1 Rxd3 32. Bxb3 Rd4 33. Ba2 Nc8 34. Rb8 Ned6 35. Nf5 Kh7 36. Nxd4 exd4 37. Bb1+ g6 38. Bd3 Ne7 39. Rb4 Ndf5 40. Bxf5 Nxf5 41. Kg2 Kg7 42. Kf3 Kf8 43. Ke4 Ke7 44. Rxd4 Nxd4 45. Kxd4 Kd6 46. f4 Kd7 47. Ke5 Ke7 48. d6+ Kd7 49. Kf6 Kxd6 50. Kxf7 Kd5 51. Kxg6 1-0


[Site "https://www.chess.com"]

[Event "Titled Tuesday Blitz August 1 Late 2023"]
[White "He, Anthony"]
[Black "Tsaruk, Maksim"]
[WhiteFideId "2088215"]
[BlackFideId "13511173"]
[WhiteElo "2934"]
[BlackElo "2762"]
[Result "1-0"]
[Round "10"]
[TimeControl "180+1"]
[Date "2023.08.01"]
[WhiteClock "0:01:14"]
[BlackClock "0:00:01"]
[Board "11"]

1. e4 e5 2. Nf3 Nc6 3. Bc4 Bc5 4. O-O Nf6 5. d3 d6 6. c3 a5 7. Nbd2 O-O 8. Re1 Ng4 9. Re2 Kh8 10. h3 Nh6 11. Nf1 f5 12. Bxh6 gxh6 13. exf5 Bxf5 14. Re1 Qf6 15. Bd5 Ne7 16. Bxb7 Rab8 17. Be4 Rxb2 18. d4 exd4 19. cxd4 Bb4 20. Re2 Rxe2 21. Qxe2 Be6 22. Ng3 Ng6 23. Rc1 Nf4 24. Qe3 d5 25. Bb1 Nxh3+ 26. gxh3 Qxf3 27. Rxc7 Qxe3 28. Rxh7+ Kg8 29. fxe3 Rf3 30. Nh5 Bf7 31. Rg7+ Kf8 32. Bg6 Bxg6 33. Rxg6 Rxe3 34. Nf4 Ra3 35. Nxd5 Bd2 36. Kg2 Rxa2 37. Kf3 a4 38. Ra6 a3 39. Ke4 Bc1 40. Ra7 Rf2 41. Nc7 Rf7 42. d5 a2 43. Ne6+ Kg8 44. Rxa2 Kh7 45. d6 Rd7 46. Kd5 Be3 47. Kc6 Rf7 48. d7 1-0


[Site "https://www.chess.com"]

[Event "Titled Tuesday Blitz August 1 Late 2023"]
[White "Mekhitarian, Krikor Sevag"]
[Black "Hakobyan, Aram"]
[WhiteFideId "2107660"]
[BlackFideId "13306677"]
[WhiteElo "2759"]
[BlackElo "2920"]
[Result "1-0"]
[Round "10"]
[TimeControl "180+1"]
[Date "2023.08.01"]
[WhiteClock "0:00:08"]
[BlackClock "0:00:02"]
[Board "12"]

1. Nf3 h5 2. e4 Nf6 3. e5 Ng4 4. d4 d6 5. h3 Nh6 6. Nc3 Nf5 7. Bc4 e6 8. Qe2 Nc6 9. Be3 d5 10. Bd3 Nxe3 11. fxe3 g6 12. a3 Bg7 13. O-O-O a6 14. Kb1 b5 15. Rhf1 b4 16. Na4 bxa3 17. b3 Nb4 18. h4 Bh6 19. c3 Nxd3 20. Qxd3 Bd7 21. Nc5 Bb5 22. c4 dxc4 23. bxc4 Bc6 24. Ka2 Rb8 25. Nxe6 Rb2+ 26. Ka1 Qb8 27. Qxa3 Rb3 28. Nxc7+ Kd8 29. Qd6+ Kc8 30. Nd5 Qxd6 31. exd6 Bxd5 32. cxd5 Bxe3 33. Ne5 f5 34. Rf3 Rd8 35. Ka2 Rc3 36. Kb2 Bxd4 37. Rxc3+ Bxc3+ 38. Kxc3 Rxd6 39. Kc4 a5 40. Ra1 Rb6 41. Rxa5 Rb2 42. Ra7 Rxg2 43. Nc6 Rd2 44. Kc5 Rc2+ 45. Kd6 1-0


[Site "https://www.chess.com"]

[Event "Titled Tuesday Blitz August 1 Late 2023"]
[White "Kazakouski, Valery"]
[Black "Annaberdiyev, Meylis"]
[WhiteFideId "13507443"]
[BlackFideId "14000563"]
[WhiteElo "2901"]
[BlackElo "2684"]
[Result "0-1"]
[Round "10"]
[TimeControl "180+1"]
[Date "2023.08.01"]
[WhiteClock "0:00:42"]
[BlackClock "0:00:25"]
[Board "13"]

1. Nf3 Nf6 2. c4 g6 3. g3 Bg7 4. Bg2 O-O 5. O-O d6 6. d4 c6 7. Nc3 Bf5 8. Ng5 h6 9. e4 Bg4 10. Nf3 Nbd7 11. h3 Bxf3 12. Bxf3 e5 13. d5 c5 14. a3 h5 15. b4 Kh7 16. Kg2 Bh6 17. Bxh6 Kxh6 18. Qd2+ Kg7 19. h4 a6 20. Be2 Re8 21. Rab1 cxb4 22. axb4 a5 23. bxa5 Nc5 24. f3 Qxa5 25. Rfd1 Ra6 26. Nb5 Qxd2 27. Rxd2 Rc8 28. Rdb2 Kf8 29. Kf2 Ke7 30. Ke3 Rca8 31. Bd1 Ra2 32. Bc2 Rxb2 33. Rxb2 Ra1 34. Nc3 Nfd7 35. Bd1 Ra3 36. Kd2 f5 37. Bc2 f4 38. gxf4 exf4 39. Bd1 Ne5 40. Be2 Rxc3 41. Kxc3 Na4+ 42. Kb3 Nxb2 43. Kxb2 Kf6 44. Kc3 g5 45. hxg5+ Kxg5 46. Kd2 Kh4 0-1


[Site "https://www.chess.com"]

[Event "Titled Tuesday Blitz August 1 Late 2023"]
[White "Ibarra Jerez, Jose Carlos"]
[Black "Manukyan, Sargis A."]
[WhiteFideId "2226332"]
[BlackFideId "13303970"]
[WhiteElo "2878"]
[BlackElo "2680"]
[Result "1-0"]
[Round "10"]
[TimeControl "180+1"]
[Date "2023.08.01"]
[WhiteClock "0:00:28"]
[BlackClock "0:00:03"]
[Board "14"]

1. e4 c5 2. Ne2 d6 3. g3 Nc6 4. Bg2 g6 5. c3 Bg7 6. d4 cxd4 7. cxd4 e6 8. Nbc3 Nge7 9. d5 exd5 10. exd5 Ne5 11. O-O O-O 12. h3 h5 13. Be3 Bd7 14. Qb3 b6 15. Rad1 Nf5 16. Bc1 Bc8 17. a4 Nd7 18. Qa3 Ba6 19. Nb5 Nc5 20. b4 Nb7 21. Rfe1 Re8 22. Ned4 Rxe1+ 23. Rxe1 Nxd4 24. Nxd4 Bxd4 25. b5 Qf6 26. Bf3 Bc3 27. Re3 Bxb5 28. Rxc3 Bd7 29. Bb2 Qf5 30. Rc7 Nc5 31. a5 Re8 32. Qc3 Qe5 33. Qxe5 dxe5 34. Rxa7 Bxh3 35. axb6 e4 36. Be2 Rb8 37. Bd4 Nd3 38. b7 Bc8 39. Ra8 Rxb7 40. Rxc8+ Kh7 41. Rh8# 1-0


[Site "https://www.chess.com"]

[Event "Titled Tuesday Blitz August 1 Late 2023"]
[White "Gasparyan, David"]
[Black "Rustemov, Alexander"]
[WhiteFideId "13311980"]
[BlackFideId "4119002"]
[WhiteElo "2537"]
[BlackElo "2836"]
[Result "0-1"]
[Round "10"]
[TimeControl "180+1"]
[Date "2023.08.01"]
[WhiteClock "0:00:11"]
[BlackClock "0:00:40"]
[Board "15"]

1. e4 e6 2. d4 d5 3. Bd3 dxe4 4. Bxe4 Nf6 5. Bd3 b6 6. Qf3 Qd5 7. Qxd5 Nxd5 8. c3 Bb7 9. Nf3 Nd7 10. O-O Be7 11. Nbd2 O-O 12. Ne4 Rad8 13. Bd2 c5 14. Rad1 N5f6 15. Ng3 Bxf3 16. gxf3 cxd4 17. cxd4 Nd5 18. Bb5 N7f6 19. Rfe1 Bb4 20. a3 Bxd2 21. Rxd2 Nf4 22. Ne4 N6d5 23. Nc3 g6 24. Re4 Kg7 25. Nxd5 Nxd5 26. Bc6 Nf6 27. Re3 Rd6 28. Bb7 Rfd8 29. Red3 Nh5 30. d5 Nf4 31. Rd4 Nxd5 32. b4 Kf6 33. Rc2 g5 34. Bxd5 Rxd5 35. Rxd5 Rxd5 36. Rc7 a5 37. bxa5 bxa5 38. Ra7 Rd3 39. Rxa5 Rxf3 40. Ra7 h5 41. Kg2 g4 42. Ra5 Kg6 43. Ra8 h4 44. a4 h3+ 45. Kf1 Ra3 46. a5 Kf5 47. a6 Kf4 48. Rf8 f5 49. Ra8 Kf3 50. Ke1 Ra1+ 51. Kd2 Kxf2 52. a7 Kg2 53. Ke2 Kxh2 54. Kf2 g3+ 55. Kf3 g2 56. Rc8 Rxa7 57. Rc2 Ra3+ 58. Kf4 Kh1 59. Re2 g1=Q 0-1


[Site "https://www.chess.com"]

[Event "Titled Tuesday Blitz August 1 Late 2023"]
[White "Pakleza, Zbigniew"]
[Black "Pranav, V"]
[WhiteFideId "1119290"]
[BlackFideId "25060783"]
[WhiteElo "2795"]
[BlackElo "2996"]
[Result "0-1"]
[Round "10"]
[TimeControl "180+1"]
[Date "2023.08.01"]
[WhiteClock "0:00:00"]
[BlackClock "0:01:02"]
[Board "16"]

1. d4 Nf6 2. Nf3 e6 3. Bf4 b6 4. e3 Bb7 5. h3 Bd6 6. Bxd6 cxd6 7. Be2 O-O 8. O-O Nc6 9. Nbd2 Re8 10. c3 e5 11. Nc4 e4 12. Nfd2 Qe7 13. Nb3 d5 14. Ncd2 g6 15. Rc1 h5 16. c4 dxc4 17. Nxc4 d5 18. Ne5 Nxe5 19. dxe5 Qxe5 20. Qd4 Qd6 21. Qa4 Nd7 22. Bb5 Re7 23. Bxd7 Qxd7 24. Qxd7 Rxd7 25. Nd4 Kf8 26. Rc3 Ke7 27. h4 Kd6 28. Rfc1 a6 29. Kf1 Rb8 30. Ke2 Ke5 31. Rc6 Rd6 32. f4+ exf3+ 33. Nxf3+ Ke6 34. Ng5+ Ke7 35. Rc7+ Rd7 36. Nxf7 a5 37. Rxd7+ Kxd7 38. Ne5+ Kd6 39. Nxg6 Re8 40. Kd2 d4 41. exd4 Bxg2 42. Ne5 Bd5 43. a3 Rf8 44. Rg1 Rf4 45. Rg6+ Kc7 46. Rg7+ Kc8 47. Ke3 Re4+ 48. Kd3 Rxh4 49. Rg6 Be4+ 50. Kc4 Bxg6 51. Nxg6 Rg4 52. Ne5 Rg3 53. Kd5 h4 0-1


[Site "https://www.chess.com"]

[Event "Titled Tuesday Blitz August 1 Late 2023"]
[White "Adewumi, Tanitoluwa"]
[Black "Xiong, Jeffery"]
[WhiteFideId "30966396"]
[BlackFideId "2047640"]
[WhiteElo "2656"]
[BlackElo "2963"]
[Result "0-1"]
[Round "10"]
[TimeControl "180+1"]
[Date "2023.08.01"]
[WhiteClock "0:01:08"]
[BlackClock "0:01:18"]
[Board "18"]

1. e4 e6 2. Nf3 d5 3. exd5 exd5 4. d4 Bd6 5. c4 Nf6 6. c5 Be7 7. Bd3 O-O 8. O-O b6 9. Be3 bxc5 10. dxc5 a5 11. Nc3 Ba6 12. Rc1 Re8 13. Re1 c6 14. a3 Bxd3 15. Qxd3 Nbd7 16. b4 axb4 17. axb4 Qb8 18. Bd2 Bf8 19. Rxe8 Qxe8 20. Re1 Qb8 21. Nd4 Qxb4 22. Nxd5 Qxc5 23. Nxf6+ Nxf6 24. Rc1 Qd5 25. Rxc6 Bc5 26. Qf3 Ra1+ 0-1


[Site "https://www.chess.com"]

[Event "Titled Tuesday Blitz August 1 Late 2023"]
[White "Karaoglan, Doruk"]
[Black "Hansen, Eric"]
[WhiteFideId "6390927"]
[BlackFideId "2606771"]
[WhiteElo "2639"]
[BlackElo "2836"]
[Result "0-1"]
[Round "10"]
[TimeControl "180+1"]
[Date "2023.08.01"]
[WhiteClock "0:00:02"]
[BlackClock "0:00:13"]
[Board "19"]

1. e4 c5 2. Nc3 e6 3. g3 a6 4. Bg2 Nc6 5. d3 d6 6. Nh3 b5 7. O-O Bb7 8. f4 g6 9. f5 Ne5 10. fxe6 fxe6 11. Ng5 Qe7 12. Bh3 Bc8 13. Bf4 Nf6 14. Bxe5 dxe5 15. a4 b4 16. Nb1 Bh6 17. Nf3 c4 18. Nbd2 cxd3 19. cxd3 O-O 20. Nc4 Nd7 21. Kh1 a5 22. Nfxe5 Nxe5 23. Nxe5 Ba6 24. Qb3 Kg7 25. Rxf8 Rxf8 26. Qc2 Qd6 27. Nc4 Qd4 28. Rf1 Rd8 29. Bxe6 Kh8 30. Rf7 Bg7 31. Rf3 h5 32. Bf7 Kh7 33. Qe2 Bc8 34. Rf4 Bh6 35. Rf1 Bg4 36. Qc2 Bh3 37. Rd1 b3 38. Qd2 Bg4 39. Qe1 Bf3# 0-1


[Site "https://www.chess.com"]